 Dungeon Crawl Stone Soup version 0.31.0-32-g396128a36d (webtiles) character file.

Game seed: 9694390193941604998

1 spaghetti the Caller (level 1, 0/15 HPs)
             Began as a Naga Summoner on Mar 9, 2024.
             Slain by an endoplasm (3 damage)
             ... on level 1 of the Dungeon.
             The game lasted 00:00:15 (88 turns).

spaghetti the Caller (Naga Summoner)                  Turns: 88, Time: 00:00:16

Health: 0/15       AC:  1    Str: 10    XL:     1   Next: 20%
Magic:  3/3        EV:  9    Int: 15    God:
Gold:   0          SH:  0    Dex: 11    Spells: 3/4 levels left

rFire   . . .        (no weapon)
rCold   . . .        (no shield)
rNeg    . . .        a - +0 robe
rPois   +            (no helmet)
rElec   .            (no cloak)
rCorr   .            (no gloves)
SInv    +            (no barding)
Will    .....        (no amulet)
Stlth   ++           (no ring)
HPRegen 0.22/turn    (no ring)
MPRegen 0.08/turn

%: no passive effects
@: short of breath, very slow
A: AC +0, large, see invisible, deformed body, poison resistance, slowness 2,
spit poison 1, naga tail 1
a: Spit Poison


You were on level 1 of the Dungeon.
You visited 1 branch of the dungeon, and saw 1 of its levels.

Inventory:

Armour
 a - a +0 robe (worn)
Potions
 b - a potion of magic


   Skills:
 - Level 1.5 Dodging
 - Level 3.0 Stealth
 - Level 2.0 Spellcasting
 + Level 4.0 Summonings


You had 3 spell levels left.
You knew the following spells:

 Your Spells              Type           Power      Damage    Failure   Level
a - Summon Small Mammal   Summ           52%        N/A       4%          1

Your spell library contained the following spells:

 Spells                   Type           Power      Damage    Failure   Level
 Call Imp                 Summ           26%        N/A       6%          2
 Call Canine Familiar     Summ           13%        N/A       13%         3
 Summon Blazeheart Golem  Fire/Summ      7%         N/A       67%         4
 Summon Lightning Spire   Summ/Air       7%         N/A       67%         4


Dungeon Overview and Level Annotations

Branches:
Dungeon (1/15)

Altars:


Innate Abilities, Weirdness & Mutations

Your serpentine skin is tough. (AC +0)
You have supernaturally acute eyesight. (SInv)
Armour fits poorly on your strangely shaped body.
Your system is resistant to poisons. (rPois)
You cover ground very slowly.
You can spit poison.
You have a snake-like lower body.


Message History

The splash of poison hits the endoplasm.
The endoplasm completely resists.
The endoplasm is lightly wounded.
The hobgoblin hits you.
The endoplasm hits you but does no damage.
Unknown command.
Unknown command.
You have got your breath back.
The endoplasm attacks as it pursues you!
The endoplasm barely misses you.
A goblin comes into view. It is wielding a +0 club.
The hobgoblin barely misses you. The endoplasm hits you.
The endoplasm attacks as it pursues you!
The endoplasm hits you.
The endoplasm attacks as it pursues you!
The endoplasm barely misses you. The endoplasm freezes you.
You are frozen.
Okay, then.
Aiming: Spit Poison (3% risk of failure)
Press: ? - help, Shift-Dir - straight line, f/p - endoplasm
Aim: an endoplasm (lightly wounded, 96% to hit)
The splash of poison hits the endoplasm.
The endoplasm is poisoned.
The endoplasm is moderately wounded.
The endoplasm hits you.
Unknown command.
Unknown command.
You hit the goblin.
The goblin is moderately wounded.
The endoplasm hits you.
* * * LOW HITPOINT WARNING * * *
The goblin closely misses you.
You barely miss the goblin. The endoplasm completely misses you.
The goblin hits you with a +0 club.
* * * LOW HITPOINT WARNING * * *
You can't do that yet.
Unknown command.
You barely miss the goblin. The endoplasm hits you.
You die...

+#'### ##..#
###'### #...#
#.#### #†...#
##.###
#.#######.#
#.gJ@g....#
#.r#####..#
#..# #..#
..........r....
##......######.
#####.## #. #.


You could see an endoplasm (poisoned), a hobgoblin, a goblin and a rat.

Vanquished Creatures
  A hobgoblin (D:1)
1 creature vanquished.

Notes
Turn   | Place    | Note
-------+----------+-------------------------------------------
     0 | D:1      | spaghetti the Naga Summoner began the quest for the Orb.
     0 | D:1      | Reached XP level 1. HP: 15/15 MP: 3/3
    88 | D:1      | Slain by an endoplasm

Illustrated notes

Levels and vault maps discovered:
D:1:      erik_arrival_triangle_large, layout_loops_ring

Action                     || total
---------------------------++-------
  Melee: Unarmed           ||    12
Ability: Spit Poison       ||     3
   Stab: Sleeping          ||     1
 Armour: Robe              ||    15
  Dodge: Dodged            ||     7
